 Dungeon Crawl Stone Soup version 0.27-a0-965-gbf8bb431c4 (webtiles) character file.

Game seed: 7146783848467485166

89411 mhtbhm the Earth Mage (level 15, -11/84 HPs)
             Began as a Gargoyle Earth Elementalist on Apr 11, 2021.
             Was a High Priest of Vehumet.
             Mangled by a naga warrior
             ... wielding a +0 glaive
              (28 damage)
             ... on level 1 of the Snake Pit on Apr 12, 2021.
             The game lasted 01:22:08 (31409 turns).

mhtbhm the Earth Mage (GrEE)                       Turns: 31409, Time: 01:22:10

Health: -11/84     AC: 20    Str: 13    XL:     15   Next: 97%
Magic:  35/43      EV: 14    Int: 36    God:    Vehumet [*****.]
Gold:   1392       SH:  0    Dex: 10    Spells: 12/44 levels left

rFire    . . .     SeeInvis +   a - +2 whip (venom)
rCold    . . .     Faith    .   (no shield)
rNeg     + . .     Spirit   .   b - +1 robe of the Tundras {rElec Regen+ Str-2 Int+7}
rPois    ∞         Reflect  .   T - +0 mask of the Dragon {Will+ Slay+3 SInv}
rElec    +         Harm     .   x - +2 cloak
rCorr    .         Rampage  .   (no gloves)
Will     ++...                  P - +2 pair of boots
Stlth    ++........             L - amulet of magic regeneration
HPRegen  1.24/turn              V - +6 ring of intelligence
MPRegen  0.53/turn              h - ring of magical power

@: flying
A: AC +11, big wings, negative energy resistance 1, electricity resistance,
torment resistance 1, unbreathing 1, petrification resistance, antennae 1,
clever 1, strong 1
a: Renounce Religion


You were on level 1 of the Snake Pit.
You worshipped Vehumet.
Vehumet was extremely pleased with you.
You visited 5 branches of the dungeon, and saw 23 of its levels.

You collected 2390 gold pieces.
You spent 998 gold pieces at shops.

Inventory:

Hand Weapons
 a - a +2 whip of venom (weapon)
Missiles
 d - 148 poisoned darts (quivered)
 e - a throwing net
 j - 19 boomerangs
 t - 133 stones
 y - 8 atropa-tipped darts
 H - 8 curare-tipped darts
Armour
 b - the +1 robe of the Tundras (worn) {rElec Regen+ Str-2 Int+7}
   (You bought it in a shop on level 2 of the Orcish Mines)

   It affects your strength (-2).
   It affects your intelligence (+7).
   It insulates you from electricity.
   It increases your rate of health regeneration.
 x - a +2 cloak (worn)
 P - a +2 pair of boots (worn)
 T - the +0 mask of the Dragon (worn) {Will+ Slay+3 SInv}
   (You found it on level 6 of the Lair of Beasts)

   It affects your accuracy and damage with ranged weapons and melee attacks
   (+3).
   It lets you see invisible.
   It increases your willpower.
Jewellery
 f - a ring of positive energy
 h - a ring of magical power (right hand)
 L - an amulet of magic regeneration (around neck)
 U - a +6 ring of strength
 V - a +6 ring of intelligence (left hand)
Wands
 c - a wand of charming (12)
 i - a wand of acid (3)
 n - a wand of flame (38)
 s - a wand of paralysis (10)
 z - a wand of digging (18)
 G - a wand of polymorph (6)
 I - a wand of removedness (28)
 M - a wand of iceblast (24)
 W - a wand of mindburst (5)
Scrolls
 l - 3 scrolls of enchant armour
 o - 3 scrolls of teleportation
 r - 5 scrolls of enchant weapon
 u - a scroll of holy word
 v - 3 scrolls of amnesia
 A - 4 scrolls of fear
 C - a scroll of magic mapping
 D - 3 scrolls of fog
 N - 2 scrolls of identify
 X - a scroll of brand weapon
Potions
 k - 2 potions of brilliance
 m - 4 potions of heal wounds
 p - 3 potions of attraction
 q - a potion of mutation
 w - a potion of resistance
 B - 7 potions of flight
 F - 5 potions of curing
 J - 2 potions of ambrosia
 K - 5 potions of lignification
 O - 2 potions of invisibility
 Q - 2 potions of might
 R - a potion of haste
 S - a potion of cancellation
Miscellaneous
 E - a condenser vane


   Skills:
 + Level 5.8 Fighting
 + Level 7.4 Maces & Flails
 + Level 2.2 Throwing
 + Level 6.7 Dodging
 - Level 2.1 Stealth
 + Level 15.3 Spellcasting
 + Level 6.4 Conjurations
 + Level 2.8 Transmutations
 + Level 1.3 Air Magic
 + Level 18.9 Earth Magic
 + Level 1.3 Poison Magic
 + Level 2.5 Evocations


You had 12 spell levels left.
You knew the following spells:

 Your Spells              Type           Power      Damage    Failure   Level
a - Sandblast             Erth           100%       2d20      0%          1
b - Passwall              Tmut/Erth      68%        N/A       1%          2
c - Stone Arrow           Conj/Erth      100%       3d13      0%          3
d - Lee's Rapid Deconstr  Erth           52%        3d25*     0%          5
e - Petrify               Tmut/Erth      82%        N/A       1%          4
f - Mephitic Cloud        Conj/Pois/Air  49%        N/A       1%          3
g - Ignite Poison         Fire/Tmut/Pois 37%        N/A       1%          3
h - Iron Shot             Conj/Erth      43%        9d8       1%          6
i - Bolt of Magma         Conj/Fire/Erth 36%        4d16      1%          5

Your spell library contained the following spells:

 Spells                   Type           Power      Damage    Failure   Level
 Iskenderun's Battlesphe  Conj           65%        2d11      1%          5
 Beastly Appendage        Tmut           96%        N/A       1%          1
 Magic Dart               Conj           100%       1d8       1%          1
 Sting                    Tmut/Pois      100%       1d8       1%          1
 Summon Small Mammal      Summ           100%       N/A       1%          1
 Blink                    Tloc           N/A        N/A       1%          2
 Call Imp                 Summ           27%        N/A       1%          2
 Poisonous Vapours        Pois/Air       74%        N/A       1%          2
 Searing Ray              Conj           100%       3d7       1%          2
 Slow                     Hex            27%        N/A       1%          2
 Conjure Flame            Conj/Fire      50%        6-21      1%          3
 Dazzling Flash           Conj/Hex       100%       N/A       1%          3
 Fulminant Prism          Conj/Hex       25%        3d14      1%          4
 Iskenderun's Mystic Bla  Conj/Tloc      50%        2d11      1%          4
 Call Canine Familiar     Summ           27%        N/A       4%          3
 Confusing Touch          Hex            27%        N/A       4%          3
 Gell's Gravitas          Tloc           13%        N/A       4%          3
 Lesser Beckoning         Tloc           13%        N/A       4%          3
 Summon Guardian Golem    Hex/Summ       27%        N/A       4%          3
 Teleport Other           Tloc           27%        N/A       4%          3
 Yara's Violent Unravell  Hex/Tmut       19%        3d9       5%          5
 Summon Lightning Spire   Summ/Air       32%        N/A       10%         4
 Summon Ice Beast         Ice/Summ       27%        N/A       13%         4
 Alistair's Intoxication  Tmut/Pois      28%        N/A       16%         5
 Freezing Cloud           Conj/Ice/Air   23%        6-21      17%         6
 Manifold Assault         Tloc           27%        N/A       36%         5
 Metabolic Englaciation   Hex/Ice        13%        N/A       36%         5
 Statue Form              Tmut/Erth      Unusable   N/A       N/A         6

Dungeon Overview and Level Annotations

Branches:
Dungeon (12/15)            Temple (1/1) D:5            Lair (6/6) D:9
 Shoals (0/4) Lair:2        Snake (2/4) Lair:2        Slime (0/5) Lair:5
    Orc (2/2) D:10            Elf (0/3) Orc:2

Altars:
Ashenzari
Cheibriados
Dithmenos
Elyvilon
Fedhas
Gozag
Hepliaklqana
Kikubaaqudgha
Makhleb
Nemelex Xobeh
Okawaru
Qazlal
Ru
Sif Muna
Trog
Uskayaw
Vehumet
Wu Jian
Xom
Yredelemnul
Zin
The Shining One
Beogh

Shops:
D:5 =   D:8 ?   Orc:2 ?[(?(

Portals:
Trove: D:10 (give +4 fire dragon scales)

Annotations:
D:11 2 transporters, chippings's ghost, journeyman MfGl


Innate Abilities, Weirdness & Mutations

Your stone body is resilient. (AC +11)
You are immune to poison.
Your large and strong wings let you fly.
You resist negative energy. (rN+)
You are resistant to electric shocks. (rElec)
You are resistant to unholy torment.
You can survive without breathing.
You are immune to petrification.
You have a pair of small antennae on your head.
Your mind is acute. (Int +2)
Your muscles are strong. (Str +2)


Message History

The bolt of poison hits you but does no damage.
You resist. The naga warrior barely misses you. The naga warrior grabs you.
The naga warrior constricts you.
Unknown command.
Unknown command.
You escape the naga warrior's grasp.
The salamander hits you with a +0 halberd.
You are engulfed in flames!
The naga hits you with a +2 vorpal long sword.
The naga completely misses you.
The salamander hits you with a +0 spear.
You are engulfed in flames!
You fly upwards.
There is a stone staircase leading down here.
Unknown command.
Okay, then.
Casting: Lee's Rapid Deconstruction (safe; 0% risk of failure)
Confirm with . or Enter, or press ? or * to list all spells.
Aiming: Iron Shot (dangerous; 1% risk of failure)
Press: ? - help, Shift-Dir - straight line, f - naga warrior
Aim: a naga warrior, wielding a +0 glaive and wearing a +0 robe (24% to evade)
The iron shot hits the naga warrior!!!
The naga warrior is moderately wounded.
The salamander hits you with a +0 halberd!
You are engulfed in flames!
The naga spits poison at you. The splash of poison misses you.
The naga warrior hits you with a +0 glaive!!
* * * LOW HITPOINT WARNING * * *
The naga warrior misses you. The salamander closely misses you.
Unknown command.
Okay, then.
You feel much better.
The salamander hits you with a +0 halberd!
* * * LOW HITPOINT WARNING * * *
You are engulfed in flames!
* * * LOW HITPOINT WARNING * * *
The naga closely misses you. The naga completely misses you.
The naga warrior hits you with a +0 glaive!!
You die...

...##.##.#...)......#
...##.##....#."^<##.#
...##.##..#.#.#.###.#
...##.###.#.....# #.#
##.##.........#.#####
......#.###.....[.##
......#[#..........#
...##.#.#[#[...N####
................@.##
.####.#......#.NNN.#
....#....†..##.....#
###.#..............####
#.....................#
#####......#.#.....##.#
#.###....#........# ###
#..........##.#
########.......##.#


You could see a naga warrior, 2 salamanders and a naga (strong, catching
breath).

Vanquished Creatures
  Roxanne (Snake:1)
  An orc warlord (Orc:1)
  Aizul (Snake:1)
  Nessos (Lair:4)
  8 hydras
  2 two-headed ogres
  An anaconda (Snake:1)
  An alligator (Lair:6)
  5 orc high priests (Orc:2)
  3 death yaks (Lair:6)
  Urug (Orc:2)
  Sonja (D:11)
  A shock serpent (Snake:1)
  2 naga ritualists (Snake:1)
  10 orc knights
  6 lindwurms (Lair:6)
  Pikel (D:8)
  A wolf spider (Lair:6)
  5 mana vipers (Snake:1)
  A cyclops (D:11)
  An orc sorcerer (Orc:1)
  A salamander (Snake:1)
  Joseph (D:8)
  13 black mambas
  6 elephants
  3 merfolk sirens (Lair:2)
  2 naga magi (Snake:1)
  5 torpor snails (Lair:3)
  Maggie (D:8)
  16 cane toads
  5 rime drakes
  12 komodo dragons
  A merfolk (Lair:2)
  8 trolls
  12 polar bears
  A slime creature (D:12)
  15 blink frogs
  4 raiju (Lair:6)
  13 dream sheep (Lair:6)
  Sigmund (D:3)
  3 shadows
  A spriggan (Lair:1)
  A wraith (D:11)
  45 yaks
  4 basilisks
  3 fire bats (Orc:2)
  4 wyverns
  7 vampire mosquitoes (D:11)
  3 steam dragons
  Menkaure (D:5)
  9 wargs
  A two-headed ogre zombie (D:10)
  2 nagas (Snake:1)
  11 hell hounds (Lair:6)
  2 acid dragons
  23 water moccasins
  An ice beast (D:6)
  33 orc warriors
  2 sky beasts (D:6)
  17 black bears
  A necrophage (D:5)
  29 wolves
  The ghost of dickylongcocking the Magician, an amateur DjCj (D:3)
  8 ogres
  7 centaurs
  4 phantoms
  2 kobold brigands
  13 bullfrogs
  2 gnoll sergeants
  2 scorpions
  2 troll zombies (D:10)
  6 killer bees (D:10)
  2 electric eels
  8 wights
  2 howler monkeys (D:10)
  5 centaur zombies
  2 hounds
  4 jellies
  3 bullfrog zombies
  3 centaur skeletons
  29 orc priests
  A gnoll shaman (D:6)
  Crazy Yiuf (D:5)
  Ijyb (D:4)
  Terence (D:3)
  4 iguanas
  19 orc wizards
  2 hell rats (Lair:2)
  5 ogre zombies (D:10)
  A hound skeleton (D:4)
  2 howler monkey zombies
  15 gnolls
  21 adders
  8 river rats (Lair:2)
  A shadow imp (D:6)
  A worm (D:3)
  3 dart slugs
  86 orcs
  3 ball pythons
  10 bats
  4 endoplasms
  3 giant cockroaches
  10 goblins
  4 hobgoblins
  14 kobolds
  3 quokkas
  3 frilled lizards (D:1)
  4 goblin zombies (D:10)
  5 hobgoblin zombies (D:10)
  3 orc skeletons (D:10)
  13 orc zombies (D:10)
  18 rats
751 creatures vanquished.

Vanquished Creatures (others)
  75 fungi
  134 plants
209 creatures vanquished.

Grand Total: 960 creatures vanquished

Notes
Turn   | Place    | Note
-------+----------+-------------------------------------------
     0 | D:1      | mhtbhm the Gargoyle Earth Elementalist began the quest for
                  | the Orb.
     0 | D:1      | Reached XP level 1. HP: 10/10 MP: 3/3
    83 | D:1      | Reached skill level 4 in Earth Magic
    84 | D:1      | Reached XP level 2. HP: 8/15 MP: 1/5
   237 | D:1      | Learned a level 2 spell: Passwall
   409 | D:1      | Reached skill level 1 in Transmutations
   651 | D:1      | Reached XP level 3. HP: 19/19 MP: 6/6
  1272 | D:2      | Found a faded altar of an unknown god.
  1436 | D:2      | Reached skill level 1 in Maces & Flails
  1680 | D:2      | Reached XP level 4. HP: 24/24 MP: 7/7
  2041 | D:3      | Noticed Terence
  2069 | D:3      | Killed Terence
  2075 | D:3      | Reached XP level 5. HP: 28/28 MP: 1/8
  2353 | D:3      | Reached skill level 1 in Fighting
  2411 | D:3      | Learned a level 3 spell: Stone Arrow
  2546 | D:3      | Found a runed translucent gate.
  2577 | D:3      | Found a runed translucent gate.
  2579 | D:3      | Found a runed translucent gate.
  2580 | D:3      | Noticed dickylongcocking's ghost (amateur DjCj)
  2791 | D:3      | Noticed Sigmund
  2811 | D:3      | Killed Sigmund
  2812 | D:3      | Reached skill level 5 in Earth Magic
  2812 | D:3      | Reached XP level 6. HP: 4/34 MP: 7/10
  3542 | D:4      | Reached XP level 7. HP: 18/39 MP: 8/11
  3758 | D:4      | Learned a level 5 spell: Lee's Rapid Deconstruction
  3796 | D:4      | Identified the +1 chain mail of Elitism {rPois rC- rN++}
  3866 | D:4      | Noticed Ijyb
  3916 | D:4      | Killed Ijyb
  4950 | D:3      | Killed dickylongcocking's ghost
  5192 | D:5      | Entered Level 5 of the Dungeon
  5390 | D:5      | Reached skill level 6 in Earth Magic
  5589 | D:5      | Reached XP level 8. HP: 45/45 MP: 12/14
  5671 | D:5      | Found Zoixu's Jewellery Boutique.
  5809 | D:5      | Found a staircase to the Ecumenical Temple.
  5837 | Temple   | Entered the Ecumenical Temple
  5843 | Temple   | Became a worshipper of Vehumet
  5899 | D:5      | Found a runed translucent door.
  5900 | D:5      | Noticed Crazy Yiuf
  5988 | D:5      | Noticed Menkaure
  5992 | D:5      | Killed Menkaure
  6016 | D:5      | Learned a level 4 spell: Petrify
  6243 | D:6      | Reached skill level 1 in Conjurations
  6305 | D:6      | Found a shimmering blue altar of Sif Muna.
  6540 | D:6      | Reached skill level 5 in Spellcasting
  6540 | D:6      | Reached skill level 7 in Earth Magic
  6774 | D:5      | Killed Crazy Yiuf
  6926 | D:6      | Reached XP level 9. HP: 47/52 MP: 12/16
  7108 | D:6      | Reached skill level 5 in Maces & Flails
  7731 | D:6      | Reached skill level 8 in Earth Magic
  7978 | D:6      | Found a glowing silver altar of Zin.
  7978 | D:6      | Noticed an angel
  8459 | D:7      | Reached skill level 1 in Throwing
  8520 | D:7      | Reached * piety under Vehumet
  8520 | D:7      | Offered knowledge of Freeze by Vehumet.
  9419 | D:8      | Noticed Pikel
  9439 | D:8      | Killed Pikel
  9440 | D:8      | Reached skill level 9 in Earth Magic
  9440 | D:8      | Reached XP level 10. HP: 39/58 MP: 3/20
  9929 | D:8      | Noticed Joseph
  9967 | D:8      | Gained mutation: Your muscles are strong. (Str +2) [potion
                  | of mutation]
  9967 | D:8      | Gained mutation: Your mind is acute. (Int +2) [potion of
                  | mutation]
  9967 | D:8      | Gained mutation: You have a pair of small antennae on your
                  | head. [potion of mutation]
  9980 | D:8      | Killed Joseph
 10659 | D:8      | Noticed Maggie
 10677 | D:8      | Killed Maggie
 10678 | D:8      | Reached skill level 5 in Dodging
 10891 | D:8      | Found Orghatauj's Magic Scroll Shoppe.
 10897 | D:8      | Bought a scroll of identify for 22 gold pieces
 10897 | D:8      | Bought a scroll of identify for 22 gold pieces
 10897 | D:8      | Bought a scroll of identify for 22 gold pieces
 10897 | D:8      | Bought a scroll of blinking for 82 gold pieces
 10897 | D:8      | Bought a scroll of fog for 22 gold pieces
 11256 | D:9      | Reached skill level 1 in Evocations
 11269 | D:9      | Learned a level 3 spell: Mephitic Cloud
 11366 | D:9      | Reached skill level 10 in Earth Magic
 11526 | D:9      | Found a staircase to the Lair.
 11545 | D:9      | Reached ** piety under Vehumet
 11545 | D:9      | Offered knowledge of Foxfire by Vehumet.
 12300 | D:10     | Entered Level 10 of the Dungeon
 12312 | D:10     | Reached XP level 11. HP: 62/62 MP: 19/23
 12316 | D:10     | Reached skill level 11 in Earth Magic
 12377 | D:10     | Offered knowledge of Ignite Poison by Vehumet.
 12383 | D:10     | Learned a level 3 spell: Ignite Poison
 12495 | D:10     | Reached *** piety under Vehumet
 12661 | D:10     | Found a staircase to the Orcish Mines.
 12842 | D:10     | Offered knowledge of Dazzling Flash by Vehumet.
 12925 | D:10     | Found a blossoming altar of Fedhas.
 12928 | D:10     | Found a shadowy altar of Dithmenos.
 12928 | D:10     | Found a white marble altar of Elyvilon.
 12941 | D:10     | Found an opulent altar of Gozag.
 12944 | D:10     | Found a stormy altar of Qazlal.
 12992 | D:10     | Noticed a two-headed ogre
 13011 | D:10     | Killed a two-headed ogre
 13457 | D:10     | You fall into a shaft and drop 2 floors!
 13551 | D:12     | Noticed a two-headed ogre
 13714 | D:11     | Reached skill level 12 in Earth Magic
 13789 | D:11     | Found a transporter.
 13790 | D:11     | Found a transporter.
 13790 | D:11     | Noticed chippings's ghost (journeyman MfGl)
 13792 | D:11     | Noticed a two-headed ogre
 13793 | D:11     | Noticed a two-headed ogre
 13793 | D:11     | Noticed a two-headed ogre
 14167 | D:11     | Noticed a cyclops
 14179 | D:11     | Killed a cyclops
 14203 | D:11     | Reached **** piety under Vehumet
 14538 | D:11     | Noticed Sonja
 14542 | D:11     | Killed Sonja
 14618 | D:11     | Reached XP level 12. HP: 68/68 MP: 23/25
 14648 | D:11     | Reached skill level 10 in Spellcasting
 14901 | D:11     | Noticed a two-headed ogre
 14905 | D:11     | Killed a two-headed ogre
 14905 | D:11     | Offered knowledge of Frozen Ramparts by Vehumet.
 14906 | D:11     | Reached skill level 13 in Earth Magic
 15259 | D:10     | Found a portal to a secret trove of treasure.
 15703 | Orc:1    | Entered Level 1 of the Orcish Mines
 15773 | Orc:2    | Entered Level 2 of the Orcish Mines
 16949 | Orc:1    | Reached ***** piety under Vehumet
 16973 | Orc:2    | Noticed Urug
 17064 | Orc:2    | Offered knowledge of Iron Shot by Vehumet.
 17070 | Orc:2    | Killed Urug
 17177 | Orc:2    | Found Umneudug's Weapon Boutique.
 17307 | Orc:2    | Found a staircase to the Elven Halls.
 17645 | Orc:2    | Reached skill level 14 in Earth Magic
 17916 | Orc:2    | Learned a level 6 spell: Iron Shot
 18120 | Orc:2    | Noticed an orc high priest
 18126 | Orc:2    | Noticed an orc high priest
 18127 | Orc:2    | Killed an orc high priest
 18128 | Orc:2    | Reached XP level 13. HP: 72/72 MP: 28/28
 18133 | Orc:2    | Reached skill level 1 in Air Magic
 18414 | Orc:2    | Reached skill level 1 in Poison Magic
 18704 | Orc:2    | Reached skill level 15 in Earth Magic
 18947 | Orc:2    | Found Soruasol's Antique Weapon Emporium.
 18947 | Orc:2    | Found Huoso's Magic Scroll Emporium.
 18948 | Orc:2    | Found Xapsum's Magic Scroll Emporium.
 18948 | Orc:2    | Found Bycettot's Antique Armour Shoppe.
 18968 | Orc:2    | Bought 3 scrolls of identify for 84 gold pieces
 18968 | Orc:2    | Bought a scroll of identify for 28 gold pieces
 18968 | Orc:2    | Bought a scroll of blinking for 105 gold pieces
 18984 | Orc:2    | Bought a slimy robe for 153 gold pieces
 18984 | Orc:2    | Identified the +1 robe of the Tundras {rElec Regen+ Str-2
                  | Int+7} (You bought it in a shop on level 2 of the Orcish
                  | Mines)
 18989 | Orc:2    | Bought a runed cloak for 202 gold pieces
 18989 | Orc:2    | Bought an encrusted cloak for 256 gold pieces
 18989 | Orc:2    | Identified the +1 cloak of Broken Taboos {Harm rPois Str-5
                  | Int+5} (You bought it in a shop on level 2 of the Orcish
                  | Mines)
 19442 | Orc:1    | Noticed an orc warlord
 19661 | Orc:2    | Offered knowledge of Irradiate by Vehumet.
 19662 | Orc:2    | Reached skill level 5 in Fighting
 20101 | Orc:1    | Killed an orc warlord
 20774 | Lair:1   | Entered Level 1 of the Lair of Beasts
 21755 | Lair:1   | Identified the +2 leather armour of Eternity {Will+ Int+4
                  | Dex+2}
 22455 | Lair:2   | Found a staircase to the Shoals.
 22464 | Lair:2   | Reached skill level 16 in Earth Magic
 22751 | Lair:2   | Found a staircase to the Snake Pit.
 22869 | Lair:2   | Reached skill level 5 in Conjurations
 22938 | Lair:2   | Offered knowledge of Bolt of Magma by Vehumet.
 22945 | Lair:2   | Learned a level 5 spell: Bolt of Magma
 23558 | Lair:3   | Gained mutation: Your large and strong wings let you fly.
                  | [Gargoyle growth]
 23558 | Lair:3   | Reached XP level 14. HP: 78/78 MP: 30/30
 23900 | Lair:3   | Found a snail-covered altar of Cheibriados.
 24237 | Lair:3   | Upgraded the game from 0.27-a0-951-gae3e1deef5 to
                  | 0.27-a0-965-gbf8bb431c4
 24957 | Lair:4   | Noticed Nessos
 24966 | Lair:4   | Killed Nessos
 26128 | Lair:5   | Reached skill level 17 in Earth Magic
 27063 | Lair:5   | Found a staircase to the Slime Pits.
 27128 | Lair:5   | Offered knowledge of Lightning Bolt by Vehumet.
 27442 | Lair:6   | Entered Level 6 of the Lair of Beasts
 27625 | Lair:6   | Reached XP level 15. HP: 45/84 MP: 23/33
 27643 | Lair:6   | Identified the +10 rapier of Lust {freeze, *Rage rC+++
                  | Str-2 SInv}
 28668 | Lair:6   | Reached skill level 18 in Earth Magic
 28863 | Lair:6   | Found the +0 mask of the Dragon {Will+ Slay+3 SInv}
 29355 | Lair:6   | Offered knowledge of Iskenderun's Battlesphere by Vehumet.
 29666 | Lair:6   | Identified the +4 dagger "Reesaopa" {flame, Fly rF- Dex+4
                  | SInv}
 30386 | Snake:1  | Entered Level 1 of the Snake Pit
 30422 | Snake:1  | Reached skill level 15 in Spellcasting
 30565 | Snake:1  | Identified Roxanne's Handbook of Shape Shifting
 30565 | Snake:1  | Noticed Roxanne
 30569 | Snake:1  | Killed Roxanne
 30895 | Snake:1  | Noticed Aizul
 30906 | Snake:1  | Killed Aizul
 31409 | Snake:1  | Mangled by a naga warrior

Illustrated notes

Levels and vault maps discovered:
D:1:      lightli_arrival_farm, layout_basic
D:2:      layout_loops_ring, serial_glass, glass_columns_c, glass_columns_b,
          glass_columns_a, glass_columns_b, glass_columns_c, glass_columns_a,
          glass_columns_b, glass_columns_b,
          shapermc_ecumenical_altar_mp_highgroup, minmay_rat_gold_closets
D:3:      layout_basic, gammafunk_ghost_necromancy, uniq_sigmund, uniq_terence
D:4:      kennysheep_the_goblin_king, layout_basic, minmay_misc_feat_chi,
          uniq_ijyb
D:5:      layout_basic, minmay_temple_entry_hall, serial_shops, shop,
          serial_park_tiny_pond, minmay_chambers_of_fives, uniq_menkaure,
          uniq_crazy_yiuf_cottage
D:6:      layout_loops_ring, zin_angel, nicolae_sif_muna_condensation,
          minmay_crossroads
D:7:      layout_basic
D:8:      layout_basic, serial_shops, nicolae_shop_trees, uniq_maggie,
          uniq_joseph, uniq_pikel
D:9:      layout_small_grid, due_lair_maze_entry_diamond
D:10:     layout_long_grid, minmay_overflow_temple_star_hex, zombieorc2_lemuel,
          nicolae_trove_entry_free_sample, kennysheep_generic_room_13
D:11:     layout_cave_pods, gammafunk_ghost_smash, uniq_sonja
D:12:     layout_loops_ring, special_room [special_room_orc], uniq_nergalle,
          uniq_kirke
Temple:   minmay_freezing_vapour_temple
Lair:1:   layout_big_grid, grunt_forest_large_clearing_hut, serial_bayou_shore_a
Lair:2:   layout_roguey, elwin_shoals_entry_stream, dummy_snake_entry,
          kennysheep_rathole
Lair:3:   layout_cave_pods, minivault_27, kennysheep_snail_temple,
          infiniplex_staircase_pool
Lair:4:   layout_small_grid, uniq_nessos
Lair:5:   lemuel_reptile_caves, layout_long_grid,
          nicolae_slime_entry_slimehenge, grunt_megastairs_4, lemuel_fruit_tree,
          lemuel_fruit_fields
Lair:6:   hangedman_lair_caniforms_friends, layout_gridlike,
          hangedman_lair_in_review, minmay_lindwurm_lava
Snake:1:  layout_basic, uniq_aizul, uniq_roxanne
Snake:2:  layout_rooms, basic_altar, minmay_shop_grove, serial_bayou_shore_b
Orc:1:    layout_caves, nicolae_orc_rockfall, nicolae_orc_tapped_out
Orc:2:    st_orc_pillars, layout_caves, serial_shops,
          nicolae_shop_temple_entry_statues_fountains, basic_altar,
          nicolae_orc_lava_tube, uniq_urug

Skill      XL: |  1  2  3  4  5  6  7  8  9 10 11 12 13 14 15 |
---------------+----------------------------------------------+-----
Earth Magic    | 4 5 6 7 9 10 12 14 16 17 18 | 18.9
Transmutations | 1 2 |  2.8
Dodging        | 2 3 4 5 6 |  6.7
Maces & Flails | 1 2 3 4 5 6 7 |  7.4
Fighting       | 1 2 3 4 5 |  5.8
Spellcasting   | 3 4 5 6 8 9 11 12 14 15 | 15.3
Conjurations   | 1 2 4 5 6 |  6.4
Throwing       | 1 2 |  2.2
Evocations     | 1 2 |  2.5
Air Magic      | 1 |  1.3
Poison Magic   | 1 |  1.3
Stealth        | |  2.1

Action                   |  1- 3 |  4- 6 |  7- 9 | 10-12 | 13-15 || total
-------------------------+-------+-------+-------+-------+-------++-------
Melee: Unarmed           |    10 |       |       |       |       ||    10
       Mace              |    89 |   133 |   242 |     3 |       ||   467
       Whip              |       |       |       |   210 |   343 ||   553
       Flail             |       |       |       |       |     6 ||     6
Throw: Dart              |     1 |     8 |    14 |     6 |     6 ||    35
 Cast: Sandblast         |    10 |    23 |    73 |   106 |   170 ||   382
       Stone Arrow       |       |     4 |    26 |    77 |   148 ||   255
       Lee's Rapid Decon |       |       |    16 |   123 |   252 ||   391
       Petrify           |       |       |       |    13 |    24 ||    37
       Passwall          |       |       |       |     1 |     1 ||     2
       Mephitic Cloud    |       |       |       |    20 |    17 ||    37
       Iron Shot         |       |       |       |       |    12 ||    12
Evoke: Wand              |       |       |     1 |     9 |     9 ||    19
  Use: Potion            |       |     2 |     2 |     4 |     3 ||    11
       Scroll            |       |       |     5 |     7 |    15 ||    27
 Stab: Sleeping          |     5 |       |     4 |     1 |     1 ||    11
       Paralysed         |       |       |       |     7 |       ||     7
       Petrified         |       |       |       |     7 |     1 ||     8
Armor: Robe              |    56 |    53 |    22 |       |   324 ||   455
       Steam dragon scal |       |       |   182 |   178 |     1 ||   361
Dodge: Dodged            |    89 |   121 |   259 |   254 |   409 ||  1132

Table legend: (Time is in decaauts)
 A = Elapsed time spent in this place.
 B = Non-inter-level travel time spent in this place.
 C = Inter-level travel time spent in this place.
 D = Time resting spent in this place.
 E = Time spent auto-exploring this place.
 F = Levels seen in this place.
 G = Mean time per level.
                   A        B        C        D        E       F      G
               +--------+--------+--------+--------+--------+-----+--------+
         Total |  31456 |  31193 |    263 |  10602 |  12857 |  23 | 1367.7 |
       Dungeon |  16911 |  16693 |    218 |   5148 |   7455 |  12 | 1409.2 |
        Temple |     21 |     21 |      0 |      6 |      0 |   1 |   21.0 |
          Lair |   9206 |   9161 |     45 |   3082 |   3960 |   6 | 1534.3 |
     Snake Pit |   1023 |   1023 |      0 |    475 |    364 |   2 |  511.5 |
  Orcish Mines |   4293 |   4293 |      0 |   1891 |   1078 |   2 | 2146.5 |
               +--------+--------+--------+--------+--------+-----+--------+

Top non-repeatable levels by time:
  Lair:6: 2662 daAuts
   Orc:2: 2611 daAuts
    D:10: 2299 daAuts
     D:8: 1863 daAuts
  Lair:3: 1706 daAuts
     D:3: 1705 daAuts
   Orc:1: 1681 daAuts
     D:6: 1671 daAuts
    D:11: 1585 daAuts
     D:4: 1511 daAuts
     D:9: 1428 daAuts
  Lair:2: 1364 daAuts
  Lair:4: 1335 daAuts
     D:5: 1292 daAuts
  Lair:5: 1278 daAuts
